 Dungeon Crawl Stone Soup version 0.26.0-20-g3ca415f5b8 (webtiles) character file.

Game seed: 12788409270320391747

2820 sizableburger the Destroyer (level 9, -2/57 HPs)
             Began as a Demonspawn Conjurer on Jan 26, 2021.
             Was a Follower of Ashenzari.
             Slain by Harold
             ... wielding a +0 scimitar
              (21 damage)
             ... on level 7 of the Dungeon.
             The game lasted 00:25:24 (8945 turns).

sizableburger the Destroyer (Demonspawn Conjurer)   Turns: 8945, Time: 00:25:24

Health: -2/57      AC: 10    Str:  8    XL:     9   Next: 45%
Magic:  15/15      EV:  8    Int: 23    God:    Ashenzari [*.....]
Gold:   359        SH:  0    Dex: 11    Spells: 9/16 levels left

rFire    . . .     SeeInvis .   p - +3 dagger (elec) (curse)
rCold    + . .     Faith    .   (no shield)
rNeg     . . .     Spirit   .   j - +1 robe {Archmagi} (curse)
rPois    .         Reflect  .   (no helmet)
rElec    .         Harm     .   (no cloak)
rCorr    .         Rampage  .   a - +2 pair of gloves (curse)
Will     .....                  k - +0 pair of boots (curse)
Stlth    ++........             (no amulet)
HPRegen  0.19/turn              b - ring of flight
MPRegen  0.14/turn              (no ring)

@: mighty, about to teleport, very slightly contaminated, held
A: yellow scales 2, cold resistance 1, powered by pain 2
a: Renounce Religion, Evoke Flight, Curse Item, Scrying


You were on level 7 of the Dungeon.
You worshipped Ashenzari.
Ashenzari was aware of your devotion.
You visited 2 branches of the dungeon, and saw 8 of its levels.

You collected 359 gold pieces.

Inventory:

Hand Weapons
 p - a cursed +3 dagger of electrocution (weapon)
Missiles
 m - 23 arrows
Armour
 a - a cursed +2 pair of gloves (worn)
 j - a cursed +1 robe of the Archmagi (worn)
 k - a cursed +0 pair of boots (worn)
Jewellery
 b - a ring of flight (left hand)
Wands
 c - a wand of random effects (23)
 q - a wand of iceblast (7)
Scrolls
 d - a scroll of amnesia
 l - 4 scrolls of teleportation
 o - a scroll of identify
 r - 2 scrolls of magic mapping
Potions
 e - 2 potions of lignification
 f - 3 potions of degeneration
 g - a potion of resistance
 h - a potion of invisibility {unknown}
 i - a potion of might


   Skills:
 - Level 2.0 Short Blades
 - Level 6.3 Dodging
 - Level 1.7 Stealth
 - Level 4.0 Spellcasting
 + Level 8.6 Conjurations
 + Level 6.9 Hexes


You had 9 spell levels left.
You knew the following spells:

 Your Spells              Type           Power        Failure   Level
a - Magic Dart            Conj           100%         1%          1
b - Searing Ray           Conj           100%         1%          2
c - Fulminant Prism       Conj/Hex       28%          4%          4

Your spell library contained the following spells:

 Spells                   Type           Power        Failure   Level
 Dazzling Flash           Conj/Hex       100%         1%          3
 Iskenderun's Mystic Bla  Conj/Tloc      36%          19%         4


Dungeon Overview and Level Annotations

Branches:
Dungeon (7/15)             Temple (1/1) D:5

Altars:
Ashenzari
Cheibriados
Dithmenos
Elyvilon
Gozag
Hepliaklqana
Kikubaaqudgha
Makhleb
Nemelex Xobeh
Okawaru
Ru
Sif Muna
Trog
Uskayaw
Vehumet
Wu Jian
Xom
Yredelemnul
Zin

Annotations:
D:7 Harold


Innate Abilities, Weirdness & Mutations

You are mostly covered in yellow scales. (AC +3)
Your flesh is cold resistant. (rC+)
You sometimes gain power by taking damage.


Message History

Casting: Fulminant Prism (dangerous; 4% risk of failure)
Confirm with . or Enter, or press ? or * to list all spells.
Okay, then.
Okay, then.
Casting: Fulminant Prism (dangerous; 4% risk of failure)
Confirm with . or Enter, or press ? or * to list all spells.
Aiming: Fulminant Prism (dangerous; 4% risk of failure)
Press: ? - help, Dir - move target You feel a surge of power!
You miscast Fulminant Prism.
You are very lightly contaminated with residual magic.
Nothing appears to happen.
Harold hits you with a +0 scimitar!
You focus on the pain.
You feel your power returning.
Unknown command.
As you read the scroll of teleportation, it crumbles to dust.
You feel strangely unstable. Harold hits you with a +0 scimitar!!
Okay, then.
Okay, then.
As you read the scroll of fog, it crumbles to dust.
The scroll dissolves into smoke.
Harold hits you with a +0 scimitar!!
You die...

.............##$#
######.#####.##.# #.#
#.##$# ######.# #.##.#
.......# #.##.####
###.#.######.......#
#.###.........(§..####
##.#.#######.§§§§>...#
##.## #.§§@§§#... #.#
#.§§§@$..... ####.#
####.#§..... .....#
#........ ######
#........ #........
#........ ##.......


You could see Harold.

Vanquished Creatures
  Prince Ribbit (D:5)
  Sigmund (D:4)
  A water moccasin (D:6)
  An orc warrior (D:6)
  An ice beast (D:5)
  A black bear (D:6)
  An ogre (D:4)
  The ghost of Asceticacid the Chopper, an amateur DsGl (D:3)
  2 centaurs
  2 big kobolds (D:3)
  2 bullfrogs (D:6)
  A scorpion (D:2)
  7 wights (D:6)
  3 howler monkeys
  2 bullfrog zombies
  A quasit (D:6)
  3 hounds
  A centaur skeleton (D:4)
  8 orc wizards
  A bullfrog skeleton (D:6)
  3 orc priests
  An iguana (D:5)
  Ijyb (D:3)
  Natasha (thrice) (D:3)
  7 worker ants
  A hound zombie (D:5)
  A howler monkey skeleton (D:6)
  2 adders
  3 river rats (D:4)
  4 worms
  3 dart slugs
  3 leopard geckos
  18 orcs
  7 bats
  4 giant cockroaches
  10 goblins
  9 hobgoblins
  10 jackals
  11 kobolds
  3 quokkas
  3 ball pythons
  15 frilled lizards
  A jackal zombie (D:5)
  A quokka skeleton (D:4)
  8 rats
173 creatures vanquished.

Vanquished Creatures (others)
  14 fulminant prisms
  2 fungi (D:3)
  16 plants
32 creatures vanquished.

Grand Total: 205 creatures vanquished

Notes
Turn   | Place    | Note
-------+----------+-------------------------------------------
     0 | D:1      | sizableburger the Demonspawn Conjurer began the quest for
                  | the Orb.
     0 | D:1      | Reached XP level 1. HP: 13/13 MP: 3/3
   185 | D:1      | Gained mutation: You sometimes gain a little power by
                  | taking damage. [demonic ancestry]
   185 | D:1      | Reached XP level 2. HP: 19/19 MP: 1/5
   223 | D:1      | Learned a level 2 spell: Searing Ray
   953 | D:1      | Gained mutation: You sometimes gain power by taking damage.
                  | [demonic ancestry]
   953 | D:1      | Reached XP level 3. HP: 21/24 MP: 2/6
  1695 | D:2      | Found an iron altar of Okawaru.
  2406 | D:2      | You fall into a shaft and drop 2 floors!
  2423 | D:4      | Gained mutation: You are partially covered in yellow
                  | scales. (AC +2) [demonic ancestry]
  2423 | D:4      | Reached XP level 4. HP: 20/30 MP: 0/8
  2582 | D:4      | Learned a level 4 spell: Fulminant Prism
  2715 | D:5      | Entered Level 5 of the Dungeon
  2721 | D:4      | Reached XP level 5. HP: 20/35 MP: 4/9
  2732 | D:4      | Reached skill level 5 in Conjurations
  2878 | D:4      | Reached skill level 1 in Hexes
  3079 | D:4      | Noticed an ogre
  3085 | D:4      | Killed an ogre
  3086 | D:4      | Gained mutation: You are mostly covered in yellow scales.
                  | (AC +3) [demonic ancestry]
  3086 | D:4      | Reached XP level 6. HP: 41/41 MP: 4/11
  3465 | D:4      | Noticed Sigmund
  4439 | D:3      | Reached XP level 7. HP: 46/46 MP: 9/13
  4740 | D:3      | Found a runed translucent gate.
  4741 | D:3      | Found a runed translucent gate.
  4742 | D:3      | Found a runed translucent gate.
  4743 | D:3      | Identified the cursed +2 short sword of sizableburger's
                  | Terror {pain, rElec Str+6 Dex-4}
  4744 | D:3      | Noticed Asceticacid's ghost (amateur DsGl)
  4779 | D:3      | Killed Asceticacid's ghost
  4782 | D:3      | Reached skill level 6 in Conjurations
  5074 | D:3      | Noticed Natasha
  5084 | D:3      | Killed Natasha
  5170 | D:3      | Noticed Ijyb
  5180 | D:3      | Killed Ijyb
  5365 | D:3      | Noticed Natasha
  5373 | D:3      | Killed Natasha
  5499 | D:3      | Noticed Natasha
  5505 | D:3      | Killed Natasha
  5647 | D:4      | Killed Sigmund
  5648 | D:4      | Reached skill level 5 in Dodging
  5648 | D:4      | Gained mutation: Your flesh is cold resistant. (rC+)
                  | [demonic ancestry]
  5648 | D:4      | Reached XP level 8. HP: 52/52 MP: 7/14
  6468 | D:5      | Found an opulent altar of Gozag.
  6493 | D:5      | Found a staircase to the Ecumenical Temple.
  6494 | D:5      | Noticed Prince Ribbit
  6509 | D:5      | Killed Prince Ribbit
  6510 | D:5      | Reached skill level 7 in Conjurations
  6518 | Temple   | Entered the Ecumenical Temple
  6786 | Temple   | Became a worshipper of Ashenzari the Shackled
  6840 | D:5      | Reached skill level 5 in Hexes
  7175 | D:6      | Reached skill level 1 in Short Blades
  7244 | D:6      | Reached XP level 9. HP: 29/57 MP: 1/15
  7665 | D:6      | Reached skill level 8 in Conjurations
  8076 | D:6      | Found a snail-covered altar of Cheibriados.
  8224 | D:6      | Found an ancient bone altar of Kikubaaqudgha.
  8225 | D:6      | Found a sacrificial altar of Ru.
  8845 | D:7      | Reached * piety under Ashenzari
  8934 | D:7      | Noticed Harold
  8945 | D:7      | Slain by Harold

Illustrated notes

Levels and vault maps discovered:
D:1:      dpeg_arrival_concentric_ovals, layout_basic, minmay_lizard_pond
D:2:      layout_loops_corners, okawaru_metal_pillars_1_2
D:3:      layout_rooms, gammafunk_ghost_nasty_kobolds, minivault_14,
          serial_bayou_ford_a, uniq_natasha, uniq_ijyb
D:4:      layout_basic, portal_sewer_entry_e, uniq_sigmund
D:5:      layout_rooms, nicolae_overflow_hidden_temple,
          minmay_temple_entry_wispy, patterned_corridor, uniq_prince_ribbit1
D:6:      layout_gridville, general_overflow_altar,
          gammafunk_temple_overflow_pools, serial_bayou_crossing
D:7:      layout_loops_ring, grunt_temple_overflow_forces_of_nature,
          basic_altar, uniq_harold
Temple:   jpeg_temple_clearing

Skill      XL: |  1  2  3  4  5  6  7  8  9 |
---------------+----------------------------+-----
Dodging        | 2 3 4 5 6 |  6.3
Spellcasting   | 3 4 |  4.0
Conjurations   | 5 6 7 8 |  8.6
Hexes          | 1 2 4 5 6 |  6.9
Short Blades   | 1 2 |  2.0
Stealth        | |  1.7

Action                   |  1- 3 |  4- 6 |  7- 9 || total
-------------------------+-------+-------+-------++-------
Melee: Unarmed           |    24 |    31 |       ||    55
       Dagger            |       |       |    85 ||    85
 Cast: Magic Dart        |    31 |     1 |     7 ||    39
       Searing Ray       |    28 |    28 |    50 ||   106
       Fulminant Prism   |       |       |    14 ||    14
Invok: Curse Item        |       |       |     4 ||     4
  Use: Scroll            |     5 |     4 |    11 ||    20
       Potion            |       |     1 |     5 ||     6
 Stab: Sleeping          |       |       |     3 ||     3
Armor: Robe              |     6 |     7 |    40 ||    53
       Skin              |       |       |    12 ||    12
Dodge: Dodged            |    25 |    37 |   112 ||   174
